Map: Proxima Station LE

Players

Азазел - Winner!

  • Race: Terran Terran
  • League: Diamond
  • Spawn Location: 1:00

Musumeci

  • Race: Zerg Zerg
  • League: Diamond
  • Spawn Location: 7:00

VOD

Have the link to the VOD?

Description

Time

  • Played on: Feb. 15, 2017, 8:07 a.m.
  • Length: 19:08
Show
View Real Time Build Order
Export as new Build Order

Азазел Terran - Winner!

Build Orders: MMM Bio 

Get SALT Encoding   

  12  0:01  SCV  
  13  0:13  SCV  
  14  0:19  Supply Depot  
  14  0:25  SCV  
  15  0:41  SCV  
  15  0:42  Barracks  
  16  0:50  Barracks  
  16  0:54  SCV  
  17  1:06  SCV  
  18  1:18  SCV  
  19  1:30  Marine, Supply Depot  
  19  1:31  SCV  
  21  1:54  Command Center  
  21  1:57  Orbital Command  
  21  2:03  Marine  
  22  2:11  Marine  
  23  2:21  Marine  
  24  2:23  SCV  
  25  2:32  Marine  
  25  2:35  SCV  
  27  2:42  Marine  
  27  2:48  Barracks x2  
  27  2:52  Barracks, Marine  
  27  2:55  Refinery  
  27  2:56  SCV  
  29  3:04  Marine  
  30  3:05  Orbital Command  
  30  3:08  SCV  
  30  3:11  Marine  
  32  3:18  Refinery  
  32  3:22  Marine  
  33  3:28  SCV  
  34  3:34  SCV  
  34  3:35  Supply Depot  
  34  3:36  Marine  
  34  3:39  Barracks Tech Lab  
  34  3:41  SCV  
  37  3:44  Marine  
  37  3:46  SCV  
  37  3:48  Marine x2  
  39  3:54  Marine  
  42  3:56  SCV  
  42  3:59  SCV, Marine  
  42  4:02  Marine, Stimpack  
  46  4:06  Marine  
  47  4:11  SCV  
  47  4:12  Marine  
  49  4:21  SCV, Marine x2  
  52  4:25  SCV  
  52  4:27  Factory  
  54  4:35  Supply Depot  
  54  4:36  Supply Depot  
  54  4:41  SCV, Barracks Tech Lab  
  54  4:42  Barracks Reactor  
  54  4:45  Barracks Tech Lab  
  54  4:55  Barracks Reactor  
  54  4:57  Marine  
  54  4:59  Marine  
  56  5:00  SCV, Engineering Bay  
  56  5:01  SCV  
  56  5:04  Marine, Supply Depot  
  59  5:12  Refinery  
  59  5:13  SCV, Refinery, Starport  
  60  5:14  Marine  
  60  5:17  Factory Reactor  
  60  5:19  SCV, Marine  
  60  5:20  Marine x2  
  65  5:22  Marine  
  65  5:25  SCV  
  67  5:31  SCV  
  67  5:32  Marine  
  69  5:37  SCV, Marine  
  69  5:41  Marine x2  
  69  5:42  Marine x2  
  75  5:43  SCV  
  75  5:49  SCV, Supply Depot  
  77  5:51  Supply Depot  
  77  5:58  Marine  
  77  6:02  Factory Tech Lab  
  78  6:08  Combat Shields  
  78  6:10  Marine x2, Medivac x2  
  78  6:11  SCV x2  
  86  6:12  Concussive Shells  
  86  6:14  Marine x3  
  86  6:16  Supply Depot  
  86  6:17  Supply Depot  
  89  6:23  SCV x2, Marine  
  92  6:35  SCV x2  
  92  6:37  Supply Depot, Siege Tank  
  92  6:38  Marine x2, Supply Depot  
  99  6:47  SCV  
  99  6:53  Marine  
  99  6:54  Marine x3  
  106  7:01  SCV x2  
  106  7:05  Marine x3  
  106  7:06  Medivac  
  106  7:07  Medivac  
  113  7:09  Siege Tank  
  113  7:13  SCV x2, Supply Depot  
  113  7:15  Supply Depot, Terran Infantry Weapons Level 1  
  118  7:18  Supply Depot  
  118  7:31  Marine x4  
  118  7:35  Command Center  
  121  7:44  Marauder x2  
  121  7:45  Marauder  
  121  7:48  SCV x2  
  128  7:52  Siege Tank  
  131  8:00  Marine  
  131  8:01  Marine  
  133  8:06  Marauder  
  133  8:15  Medivac x2  
  137  8:24  Siege Tank  
  139  8:27  Marauder x2, Marine x4  
  139  8:28  Marauder  
  149  8:42  Supply Depot  
  134  8:48  Marauder  
  134  8:49  Marauder x2, Marine  
  134  8:55  Orbital Command  
  141  8:56  Siege Tank  
  144  9:06  Medivac  
  144  9:09  Terran Infantry Armor Level 1  
  148  9:10  Marauder, Refinery  
  148  9:15  Supply Depot  
  148  9:24  Sensor Tower  
  148  9:37  Marine  
  148  9:38  Marauder x3, Marine x3  
  156  9:39  Medivac  
  83  9:45  Medivac  
  157  9:47  Siege Tank  
  162  9:59  Marauder  
  164  10:02  SCV x2  
  166  10:12  Marine x2  
  166  10:13  Marauder x2, Marine x2  
  170  10:25  Marauder  
  170  10:26  Siege Tank  
  170  10:30  Marine  
  170  10:34  Marauder x2  
  139  11:11  Marine  
  139  11:12  Marauder x2  
  139  11:17  Marauder, Marine x3  
  149  11:18  Siege Tank  
  149  11:24  Factory x2  
  149  11:25  Starport  
  152  11:26  Armory  
  141  11:33  Marauder x2  
  124  11:47  Marauder, Marine x3  
  124  11:54  Marauder  
  124  11:55  Marauder  
  128  12:04  Marine  
  131  12:08  Marauder  
  131  12:15  Marine x3  
  130  12:16  Marauder x2  
  130  12:17  Siege Tank  
  130  12:18  Factory Tech Lab x2  
  130  12:20  Terran Vehicle Weapons Level 1, Starport Reactor  
  130  12:22  Marine  
  140  12:23  Terran Infantry Weapons Level 2  
  140  12:27  Engineering Bay  
  141  12:30  Refinery  
  131  12:41  Command Center  
  122  12:54  Marauder x2, Marine x3  
  122  12:55  Marine x2  
  123  13:12  Marine x3  
  119  13:13  Marauder  
  119  13:14  Barracks  
  119  13:15  Marauder, Barracks x2  
  119  13:16  Marauder  
  119  13:17  Barracks, Siege Tank x2  
  131  13:34  Marauder  
  131  13:35  Marine x2  
  131  13:37  Marauder  
  131  13:40  Medivac x2  
  141  13:52  SCV x3  
  141  13:55  Planetary Fortress  
  144  13:59  Refinery  
  144  14:00  Marine x2  
  144  14:02  Barracks Tech Lab x2  
  146  14:03  Barracks Reactor  
  146  14:04  Barracks Tech Lab  
  146  14:08  SCV x2  
  142  14:30  Siege Tank x3  
  142  14:31  Medivac x3  
  153  14:32  Marauder, Marine x2  
  161  14:41  Marauder, Marine  
  161  14:42  Marauder x2, Marine x2  
  170  14:54  Refinery  
  170  14:56  Missile Turret x2, Terran Vehicle Weapons Level 2  
  170  14:57  Missile Turret  
  170  15:02  Missile Turret  
  170  15:13  Command Center  
  170  15:19  Terran Infantry Weapons Level 3  
  170  15:34  Marauder, Marine  
  129  16:13  Marauder x3, Marine x4  
  123  16:21  Marauder x2, Marine x2  
  109  16:36  Marauder, Marine  
  109  16:37  Marauder  
  111  16:44  Marauder x3, Marine x4  
  111  16:45  Marine  
  111  16:46  Marauder  
  124  16:54  Marine  
  124  16:58  Marauder  
  124  17:00  Marauder  
  129  17:05  Marauder  
  127  17:09  Marauder x2, Marine x4  
  127  17:10  Marine x2  
  127  17:12  Siege Tank x3  
  127  17:13  Medivac x4  
  127  17:15  Marine  
  155  17:28  Marine  
  155  17:29  Marauder, Marine  
  159  17:35  SCV x2  
  161  17:42  Refinery  
  161  17:43  Refinery  
  161  17:44  Missile Turret  
  161  17:47  Planetary Fortress  
  160  18:08  Marauder x2, Marine x3  
  160  18:09  Marauder, Marine x3  
  160  18:10  Marine  
  160  18:11  Marauder, Marine  
  176  18:26  Marine x2  
  178  18:29  Marauder x2  
Show
View Real Time Build Order
Export as new Build Order

Musumeci Zerg 

Build Orders: Hatch First 

Get SALT Encoding   

  12  0:01  Drone  
  13  0:07  Drone  
  14  0:15  Drone, Extractor  
  15  0:31  Extractor  
  15  0:35  Drone, Extractor  
  16  0:45  Hatchery  
  15  1:02  Spawning Pool  
  14  1:09  Extractor  
  14  1:11  Drone  
  14  1:23  Drone, Extractor x2  
  14  1:24  Drone  
  15  1:26  Overlord  
  15  1:48  Queen  
  17  1:58  Queen  
  19  2:14  Drone  
  20  2:15  Drone  
  20  2:17  Overlord  
  20  2:19  Drone  
  22  2:29  Queen  
  24  2:45  Queen  
  26  2:55  Drone x3  
  26  2:57  Drone  
  30  3:16  Overlord  
  30  3:32  Hatchery  
  29  3:39  Drone  
  29  3:40  Drone x6  
  36  3:50  Roach Warren  
  35  4:13  Drone x5  
  35  4:14  Overlord  
  35  4:16  Overlord  
  40  4:22  Overlord  
  40  4:41  Roach x2  
  40  4:42  Roach x5  
  54  4:53  Drone x4  
  54  4:54  Extractor  
  57  5:08  Drone x3  
  57  5:10  Drone x3  
  63  5:17  Lair  
  63  5:22  Spore Crawler  
  63  5:24  Spore Crawler x2  
  63  5:27  Spore Crawler  
  63  5:28  Spore Crawler x2  
  58  5:31  Spore Crawler x2  
  55  5:37  Roach x3  
  55  5:38  Roach  
  63  5:46  Evolution Chamber  
  63  5:47  Evolution Chamber  
  61  5:52  Drone  
  61  5:53  Drone x3  
  61  5:55  Extractor  
  64  5:58  Extractor  
  64  5:59  Drone  
  64  6:00  Drone  
  64  6:01  Drone  
  66  6:04  Drone  
  66  6:07  Drone  
  68  6:20  Overlord  
  68  6:22  Overlord  
  68  6:23  Overlord  
  68  6:25  Overlord  
  68  6:40  Zerg Ground Armor Level 1, Zerg Missile Weapons Level 1  
  68  6:42  Glial Reconstitution  
  68  6:45  Ravager x3  
  71  6:56  Overlord x3  
  71  6:59  Extractor  
  71  7:00  Drone, Extractor  
  70  7:02  Drone  
  70  7:08  Drone x2  
  73  7:09  Drone  
  76  7:16  Drone x4  
  76  7:19  Overseer  
  80  7:27  Drone x5  
  80  7:29  Drone  
  86  7:35  Ravager x4  
  86  7:36  Ravager  
  91  7:57  Roach x11  
  113  8:19  Queen  
  111  8:29  Spore Crawler x2  
  111  8:33  Drone x13  
  122  8:37  Overlord x3  
  122  8:53  Zerg Missile Weapons Level 2, Zerg Ground Armor Level 2  
  122  9:05  Infestation Pit  
  121  9:11  Extractor, Ravager  
  121  9:12  Extractor, Ravager x5  
  125  9:24  Roach x5  
  125  9:25  Overlord  
  125  9:26  Hatchery, Overlord x4, Extractor  
  125  9:29  Extractor  
  132  9:39  Drone x3  
  132  9:40  Drone x3  
  132  9:41  Overlord  
  134  10:26  Drone x5  
  136  10:29  Drone  
  136  10:30  Drone x3  
  136  10:31  Drone  
  136  10:32  Drone x4  
  136  10:33  Drone  
  119  10:48  Roach x7  
  105  10:57  Roach x3  
  86  11:17  Roach x4  
  82  11:21  Ravager x2  
  82  11:22  Ravager  
  59  11:49  Roach  
  59  11:50  Roach x5  
  67  11:59  Ravager x2  
  65  12:10  Roach x2  
  65  12:12  Ravager  
  65  12:13  Ravager x2  
  65  12:14  Ravager x3  
  69  12:19  Hatchery  
  69  12:21  Hatchery  
  67  12:25  Roach x7  
  78  12:33  Ravager x2  
  59  12:49  Roach  
  59  12:50  Roach x4  
  61  12:57  Roach  
  61  12:58  Roach x5  
  62  13:11  Ravager  
  61  13:14  Queen  
  61  13:16  Ravager  
  61  13:17  Ravager x3  
  67  13:23  Ravager x4  
  67  13:24  Ravager x2  
  67  13:25  Roach x5  
  67  13:26  Roach  
  85  13:30  Hatchery  
  85  13:31  Queen  
  87  13:46  Hatchery  
  86  14:09  Extractor, Ravager x4  
  89  14:10  Extractor, Ravager  
  89  14:14  Roach, Overlord x3  
  89  14:15  Overlord  
  88  14:33  Drone x2  
  88  14:34  Drone x6  
  88  14:35  Drone x4  
  88  14:36  Drone  
  88  14:37  Drone  
  102  14:54  Drone  
  102  14:56  Tunneling Claws  
  103  15:00  Burrow  
  103  15:28  Roach x6  
  115  15:49  Ravager x8  
  123  15:57  Roach x7  
  123  15:58  Roach  
  97  16:21  Roach  
  97  16:22  Roach x10  
  118  16:29  Roach x3  
  102  16:39  Ravager  
  100  16:40  Ravager x4  
  100  16:45  Ravager  
  100  16:46  Ravager  
  104  16:48  Roach x3  
  104  16:49  Roach  
  104  16:53  Roach  
  104  16:54  Roach  
  95  17:13  Ravager x2  
  95  17:14  Ravager x2  
  99  17:23  Hatchery  
  99  17:27  Roach x3  
  99  17:28  Roach x2  
  108  17:33  Roach  
  108  17:34  Roach  
  108  17:45  Roach x4  
  108  17:52  Extractor x2  
  106  18:01  Roach x11  
  106  18:02  Roach  
  106  18:03  Roach  
  122  18:14  Ravager x3  
  127  18:22  Roach x4  
  127  18:25  Roach x4  
  117  18:38  Roach x4  
Tags
 
Composition
MMM Bio
Matchup
TvZ
Replay Pack
replay pack
Spawn Locations
Cross Positions
Add a new tag
Caveats
  • Supply blocks, unpowered buildings, or Contaminate may cause inaccurate times.
  • Supply counts are checked every 10 seconds.